 Dungeon Crawl Stone Soup version 0.32-a0-560-g4c7f4391e0 (webtiles) character file.

Game seed: 15097468046625231567

629 retardedninja the Trooper (level 7, -4/61 HPs)
             Began as a Mountain Dwarf Fighter on Feb 29, 2024.
             Slain by an ogre
             ... wielding a +0 giant club
              (29 damage)
             ... on level 4 of the Dungeon.
             The game lasted 00:06:53 (3332 turns).

retardedninja the Trooper (Mountain Dwarf Fighter)  Turns: 3332, Time: 00:06:53

Health: -4/61      AC: 12    Str: 20    XL:     7   Next: 23%
Magic:  7/7        EV:  5    Int:  9    God:
Gold:   346        SH:  0    Dex:  9    Spells: 6/6 levels left

rFire   + . .        a - +0 war axe
rCold   + . .        c - +0 buckler
rNeg    . . .        d - +0 plate armour
rPois   .            (no helmet)
rElec   .            (no cloak)
rCorr   .            (no gloves)
SInv    .            (no boots)
Will    .....        (no amulet) Stlth
                     f - ring of protection from cold
HPRegen 0.30/turn    b - ring of protection from fire
MPRegen 0.10/turn

%: no passive effects
@: confused, ambrosia-drunk
A: runic magic, artefact enchanting
a: no special abilities


You were on level 4 of the Dungeon.
You visited 1 branch of the dungeon, and saw 4 of its levels.

You collected 346 gold pieces.

Inventory:

Hand Weapons
 a - a +0 war axe (weapon)
Armour
 c - a +0 buckler (worn)
 d - a +0 plate armour (worn)
 h - a +0 pair of boots
Jewellery
 b - a ring of protection from fire (right hand)
 f - a ring of protection from cold (left hand)
Scrolls
 e - a scroll of identify
Potions
 g - a potion of enlightenment
 i - 2 potions of curing


   Skills:
 * Level 5.4 Fighting
 * Level 5.3 Axes
 + Level 5.3 Armour
 + Level 5.4 Shields


You had 6 spell levels left.
You didn't know any spells.
Your spell library contained the following spells:

 Spells                   Type           Power      Damage    Failure   Level
 Magic Dart               Conj           0%         1d3       73%         1
 Blink                    Tloc           0%         N/A       86%         2
 Call Imp                 Summ           0%         N/A       86%         2
 Cigotuvi's Dreadful Rot  Necr/Alch/Air  0%         N/A       86%         2
 Cause Fear               Hex            0%         N/A       100%        4
 Ignite Poison            Fire/Alch      0%         N/A       100%        4
 Fireball                 Conj/Fire      0%         3d3       100%        5
 Freezing Cloud           Conj/Ice/Air   0%         6-21      100%        5
 Dragon's Call            Summ           0%         N/A       100%        9


Dungeon Overview and Level Annotations

Branches:
Dungeon (4/15)
 Temple: D:4-7

Altars:
Hepliaklqana


Innate Abilities, Weirdness & Mutations

Your spellcasting is much less encumbered by armour.
You can use scrolls of enchantment on lesser artefacts.


Message History

The ribbon worm bites you but does no damage.
You slash the ribbon worm!
You kill the ribbon worm!
You barely miss the endoplasm. The endoplasm freezes you.
You are frozen.
You resist. The endoplasm freezes you.
You are frozen.
You resist.
You slash the endoplasm!
You kill the endoplasm!
You hit the ogre.
The ogre is lightly wounded.
The ogre hits you with a +0 giant club!
You closely miss the ogre.
The ogre is lightly wounded.
The ogre hits you with a +0 giant club!!
You hit the ogre.
The ogre is moderately wounded.
The ogre hits you with a +0 giant club!
You hit the ogre.
The ogre is heavily wounded.
The ogre hits you with a +0 giant club!!
* * * LOW HITPOINT WARNING * * *
You are confused.
You feel invigorated.
You hit the ogre but do no damage.
The ogre is heavily wounded.
The ogre hits you but does no damage.
You barely miss the ogre.
The ogre is heavily wounded.
The ogre hits you with a +0 giant club.
* * * LOW HITPOINT WARNING * * *
You slash the ogre!
The ogre is almost dead.
The ogre hits you with a +0 giant club.
* * * LOW HITPOINT WARNING * * *
You bump into the rock wall.
You bump into the rock wall.
The ogre hits you with a +0 giant club!!
You die...

#########
...#####†......###
...............=>#
...#####.......#.#
#........#.#
##........#.#
#.........#.######
#@#.......#.......
##O################
#####..# #....
#..)..## #.###
#....## #.#..
......#?# #.#.#
##...##.# #.#.#
..... ... #.#.#
!.## ... #.#..


You could see an ogre.

Vanquished Creatures
  A gnoll sergeant (D:3)
  3 howler monkeys
  2 hounds (D:3)
  An orc wizard (D:3)
  5 adders
  18 gnolls (D:3)
  2 ribbon worms
  18 orcs
  4 endoplasms
  2 giant cockroaches
  5 goblins
  5 hobgoblins
  17 jackals
  3 kobolds (D:1)
  A quokka (D:3)
  8 ball pythons
  4 bats
  5 frilled lizards
  6 rats
110 creatures vanquished.

Vanquished Creatures (collateral kills)
  A gnoll bouda (D:3)
1 creature vanquished.

Grand Total: 111 creatures vanquished

Notes
Turn   | Place    | Note
-------+----------+-------------------------------------------
     0 | D:1      | retardedninja the Mountain Dwarf Fighter began the quest
                  | for the Orb.
     0 | D:1      | Reached XP level 1. HP: 19/19 MP: 1/1
    54 | D:1      | Reached XP level 2. HP: 8/26 MP: 2/2
   568 | D:2      | Reached XP level 3. HP: 33/33 MP: 3/3
  1313 | D:3      | Reached XP level 4. HP: 40/40 MP: 4/4
  1642 | D:3      | Reached XP level 5. HP: 40/46 MP: 5/5
  1818 | D:3      | Reached XP level 6. HP: 42/53 MP: 6/6
  2451 | D:3      | Reached skill level 5 in Armour
  2451 | D:3      | Reached skill level 5 in Shields
  2458 | D:3      | Reached skill level 5 in Fighting
  2571 | D:3      | Reached skill level 5 in Axes
  2632 | D:3      | Reached XP level 7. HP: 61/61 MP: 7/7
  2927 | D:3      | Found a hazy altar of Hepliaklqana.
  3326 | D:4      | HP: 1/61 [ogre/+0 giant club (19)]
  3332 | D:4      | Slain by an ogre

Illustrated notes

Levels and vault maps discovered:
D:1:      shiori_arrival_oz, layout_rooms, minmay_gold_behind_fungi
D:2:      layout_loops_ring, serial_glass, glass_columns_a, glass_columns_a
D:3:      lemuel_castle_with_subvaults [lemuel_castle_interior_carwin_2],
          layout_loops_cross, nicolae_hepliaklqana_hippocampus
D:4:      cheibrodos_thug_alley, layout_basic, grunt_dithmenos_smoke_and_mirrors

Skill      XL: |  1  2  3  4  5  6 |
---------------+-------------------+-----
Axes           | 3 4 5 |  5.3
Armour         | 4 5 |  5.3
Fighting       | 4 5 |  5.4
Shields        | 4 5 |  5.4

Action                     |  1- 3 |  4- 6 |  7- 9 || total
---------------------------+-------+-------+-------++-------
  Melee: War axe           |   125 |   177 |    77 ||   379
    Use: Potion            |     1 |     3 |     1 ||     5
         Scroll            |       |     2 |     4 ||     6
 Armour: Scale mail        |    64 |       |       ||    64
         Plate armour      |    76 |   210 |    80 ||   366
  Dodge: Dodged            |    42 |    55 |    13 ||   110
  Block: Buckler           |    33 |    41 |    11 ||    85

Table legend: (Time is in decaauts)
 A = Elapsed time spent in this place.
 B = Non-inter-level travel time spent in this place.
 C = Inter-level travel time spent in this place.
 D = Time resting spent in this place.
 E = Time spent auto-exploring this place.
 F = Levels seen in this place.
 G = Mean time per level.
                   A        B        C        D        E       F      G
               +--------+--------+--------+--------+--------+-----+--------+
         Total |   3458 |   3345 |    113 |    357 |   2028 |   4 |  864.5 |
       Dungeon |   3458 |   3345 |    113 |    357 |   2028 |   4 |  864.5 |
               +--------+--------+--------+--------+--------+-----+--------+

Top non-repeatable levels by time:
     D:3: 2017 daAuts
     D:2: 723 daAuts
     D:1: 558 daAuts
     D:4: 158 daAuts
